 Dungeon Crawl Stone Soup version 0.28.0-47-ge53b351184 (webtiles) character file.

Game seed: 14951788788475153225

3297 hawla the Geomancer (level 9, 0/57 HPs)
             Began as a Felid Earth Elementalist on May 9, 2022.
             Was a Believer of Vehumet.
             Shot with an arrow by a centaur warrior (18 damage)
             ... on level 14 of the Dungeon.
             The game lasted 00:37:00 (13158 turns).

hawla the Geomancer (Felid Earth Elementalist)     Turns: 13158, Time: 00:37:01

Health: 0/57       AC:  2    Str:  4    XL:     9   Next: 70%
Magic:  22/22      EV: 20    Int: 33    God:    Vehumet [**....]
Gold:   25         SH:  0    Dex: 17    Spells: 16/24 levels left
                                        Lives:  0   Deaths: 2

rFire   . . .      SeeInvis +     - Unarmed
rCold   . . .      Faith    .   (shield unavailable)
rNeg    . . .      Spirit   .   (armour unavailable)
rPois   .          Reflect  .   (helmet unavailable)
rElec   .          Harm     .   (cloak unavailable)
rCorr   .          Rampage  .   (gloves unavailable)
Will    +....                   (boots unavailable)
Stlth   ++........              j - amulet of Vitality {Regen+ HP+15}
HPRegen 0.99/turn               B - +6 ring of intelligence
MPRegen 0.18/turn               c - +6 ring of intelligence

@: quick
A: very small, claws 1, fangs 3, see invisible, speed 1, shaggy fur 2, stealthy
paws, no weapons or thrown items, no armour, multi-lived, antennae 1, screaming
1
a: Renounce Religion


You were on level 14 of the Dungeon.
You worshipped Vehumet.
Vehumet was pleased with you.
You visited 1 branch of the dungeon, and saw 12 of its levels.

You collected 1131 gold pieces.
You spent 1106 gold pieces at shops.

Inventory:

Missiles
 b - 136 stones
Jewellery
 c - a +6 ring of intelligence (right paw)
 d - a ring of protection from fire
 g - an amulet of the acrobat
 i - a +4 ring of evasion
 j - the amulet of Vitality (around neck) {Regen+ HP+15}
   (You bought it in a shop on level 10 of the Dungeon)

   [amulet of regeneration]

   HP:        It affects your health (+15).
   Regen:     It increases your rate of health regeneration.
 v - a +4 ring of protection
 z - a ring of protection from fire
 A - a ring of willpower
 B - a +6 ring of intelligence (left paw)
Wands
 f - a wand of iceblast (9)
 q - a wand of charming (13)
 x - a wand of flame (10)
 D - a wand of paralysis (6)
Scrolls
 e - 2 scrolls of enchant armour {unknown}
 k - 2 scrolls of magic mapping
 l - a scroll of blinking
 m - a scroll of noise {unknown}
 r - a scroll of fear {unknown}
 t - 3 scrolls of vulnerability {unknown}
 y - a scroll of identify
Potions
 a - 5 potions of curing
 h - a potion of haste
 n - 2 potions of degeneration
 o - a potion of lignification
 s - 3 potions of ambrosia {unknown}
 u - a potion of heal wounds
Miscellaneous
 w - a phial of floods


   Skills:
 + Level 6.9 Fighting
 + Level 6.2 Dodging
 - Level 2.7 Stealth
 + Level 4.0 Unarmed Combat
 - Level 8.1 Spellcasting
 + Level 7.7 Conjurations
 + Level 1.1 Transmutations
 + Level 1.0 Ice Magic
 + Level 10.5 Earth Magic


You had 16 spell levels left.
You knew the following spells:

 Your Spells              Type           Power      Damage    Failure   Level
a - Sandblast             Erth           100%       2d20      1%          1
b - Stone Arrow           Conj/Erth      100%       3d13      1%          3
c - Hailstorm             Conj/Ice       42%        3d10      5%          4

Your spell library contained the following spells:

 Spells                   Type           Power      Damage    Failure   Level
 Dazzling Flash           Conj/Hex       78%        N/A       2%          3
 Magic Dart               Conj           100%       1d8       1%          1
 Passwall                 Tmut/Erth      42%        N/A       1%          2
 Freeze                   Ice            80%        1d9       2%          1
 Mephitic Cloud           Conj/Pois/Air  30%        N/A       3%          3
 Petrify                  Tmut/Erth      51%        N/A       3%          4
 Call Imp                 Summ           13%        N/A       5%          2
 Frozen Ramparts          Ice            40%        1d6       7%          3
 Gell's Gravitas          Tloc           13%        N/A       11%         3
 Lesser Beckoning         Tloc           13%        N/A       11%         3
 Teleport Other           Tloc           13%        N/A       11%         3
 Blade Hands              Tmut           10%        N/A       52%         5
 Portal Projectile        Hex/Tloc       Unusable   N/A       N/A         3
 Excruciating Wounds      Necr           Unusable   N/A       N/A         5

Dungeon Overview and Level Annotations

Branches:
Dungeon (14/15)            Temple (0/1) D:7            Lair (0/6) D:10
    Orc (0/2) D:9
 Vaults: D:13-14

Altars:
Ashenzari
Kikubaaqudgha
Nemelex Xobeh
Okawaru
Vehumet
Xom
The Shining One

Shops:
D:3 [   D:6 (   D:9 *((?!   D:10 =

Annotations:
D:5 1 runed translucent door, Crazy Yiuf


Innate Abilities, Weirdness & Mutations

You have sharp claws.
You have razor-sharp teeth.
You have supernaturally acute eyesight. (SInv)
You cover ground quickly. (Speed+)
You are covered in thick fur. (AC +2)
Your paws help you pounce on unaware monsters.
You are incapable of wielding weapons or throwing items.
You cannot wear armour.
You gain extra lives every three experience levels.
You have a pair of small antennae on your head.
You occasionally shout uncontrollably at your foes.


Message History

Found 17 stones.
You enter the shallow water.
Moving in this stuff is going to be slow.
A kobold demonologist and a two-headed ogre come into view.
Found 8 gold pieces.
You see here 17 stones.
There are monsters nearby!
There are monsters nearby!
b - 122 stones (gained 17)
You enter the shallow water.
Moving in this stuff is going to be slow.
Found a stone staircase leading down.
Found a stone staircase leading down.
Found a stone staircase leading down.
There is an empty arch of ancient stone here.
There is a stone staircase leading down here.
You climb downwards.
There is a stone staircase leading up here.
Unknown command.
A skeletal warrior comes into view. It is wielding a +0 hand axe.
A skeletal warrior is nearby!
A skeletal warrior is nearby!
A skeletal warrior is nearby!
A skeletal warrior comes into view. It is wielding a +0 battleaxe.
Found 16 gold pieces.
A skeletal warrior comes into view. It is wielding a +0 hand axe.
Found a stone staircase leading up.
You see here 14 stones.
b - 136 stones (gained 14)
A centaur warrior comes into view.
You yowl at the centaur warrior!
The centaur warrior shouts!
You hear a shout! x3
The centaur warrior wields a +0 shortbow.
The centaur warrior shoots an arrow.
The arrow completely misses you.
The centaur warrior shoots an arrow.
The arrow hits you!!
The centaur warrior shoots an arrow.
The arrow hits you!!
* * * LOW HITPOINT WARNING * * *
The centaur warrior shoots an arrow.
The arrow misses you.
The centaur warrior shoots an arrow.
The arrow hits you!!
You die...

## ... ####
...########### #.<#
.............# #..#
.............####..#####
........................
........................
.......@......z.........
#####+#...##+#..........
#...#....#####.###
#...#....# #.#
#...#....# ...
#...#....# ###..
#...#....# ...
#c..#.<...


You could see a skeletal warrior and a centaur warrior.

Vanquished Creatures
  A hydra (D:9)
  2 two-headed ogres
  A deep elf pyromancer (D:7)
  2 ugly things (D:9)
  An unseen horror (D:8)
  An efreet (D:13)
  A komodo dragon (D:10)
  2 trolls
  3 hornets
  Sigmund (D:2)
  A wraith (D:10)
  A wyvern (D:9)
  8 yaks
  Eustachio (D:5)
  A steam dragon (D:9)
  A vampire mosquito (D:13)
  Menkaure (D:5)
  4 water moccasins
  3 orc warriors
  A hornet zombie (D:9)
  2 ice beasts
  2 sky beasts
  3 black bears
  3 necrophages
  2 phantoms
  An ogre (D:6)
  3 centaurs
  A kobold brigand (D:8)
  2 bullfrogs
  A gnoll sergeant (D:4)
  A wyvern zombie (D:9)
  A scorpion (D:4)
  4 killer bees (D:8)
  10 wights
  2 howler monkeys
  8 centaur zombies
  A human zombie (D:9)
  2 orc priests
  2 centaur skeletons
  A bullfrog skeleton (D:4)
  4 hounds
  Ijyb (D:5)
  Natasha (thrice) (D:2)
  2 iguanas (D:5)
  6 orc wizards
  A hound skeleton (D:4)
  2 mummies (D:9)
  2 howler monkey zombies (D:9)
  A howler monkey skeleton (D:4)
  6 gnolls
  10 adders
  An ufetubus (D:5)
  An adder skeleton (D:4)
  2 worms
  4 dart slugs
  23 orcs
  9 ball pythons
  9 endoplasms
  2 giant cockroaches (D:3)
  6 goblins
  8 hobgoblins
  9 jackals
  5 quokkas
  3 training dummies (D:6)
  7 bats
  2 frilled lizards
  3 kobolds
  2 rats
223 creatures vanquished.

Vanquished Creatures (collateral kills)
  3 yaks (D:8)
  A hound (D:5)
4 creatures vanquished.

Vanquished Creatures (others)
  2 fungi (D:5)
  A plant (D:13)
3 creatures vanquished.

Grand Total: 230 creatures vanquished

Notes
Turn   | Place    | Note
-------+----------+-------------------------------------------
     0 | D:1      | hawla the Felid Earth Elementalist began the quest for the
                  | Orb.
     0 | D:1      | Reached XP level 1. HP: 7/7 MP: 4/4
   196 | D:1      | Reached skill level 3 in Earth Magic
   328 | D:1      | Reached XP level 2. HP: 11/11 MP: 3/6
   915 | D:1      | Reached XP level 3. HP: 13/14 MP: 7/7
  1381 | D:1      | Learned a level 3 spell: Stone Arrow
  1679 | D:2      | Noticed Natasha
  1685 | D:2      | Killed Natasha
  1686 | D:2      | Reached skill level 4 in Earth Magic
  1686 | D:2      | Reached XP level 4. HP: 18/18 MP: 1/8
  2117 | D:2      | Noticed Sigmund
  2246 | D:2      | Killed Sigmund
  2247 | D:2      | Reached skill level 1 in Unarmed Combat
  2247 | D:2      | Reached skill level 1 in Conjurations
  2247 | D:2      | Reached skill level 5 in Earth Magic
  2247 | D:2      | Reached XP level 5. HP: 21/21 MP: 1/9
  2364 | D:2      | Noticed Natasha
  2368 | D:2      | Killed Natasha
  2369 | D:2      | Gained mutation: You are covered in thick fur. (AC +2)
                  | [Felid growth]
  2369 | D:2      | Reached XP level 6. HP: 24/24 MP: 2/10
  2597 | D:2      | Noticed Natasha
  2604 | D:2      | Killed Natasha
  2796 | D:3      | Found Akeykola's Antique Armour Shop.
  4170 | D:4      | Reached skill level 6 in Earth Magic
  4396 | D:4      | Reached XP level 7. HP: 27/27 MP: 5/12
  4672 | D:4      | Reached skill level 1 in Fighting
  5329 | D:5      | Entered Level 5 of the Dungeon
  5397 | D:5      | Noticed Eustachio
  5402 | D:5      | Killed Eustachio
  5403 | D:5      | Reached XP level 8. HP: 33/33 MP: 3/14
  5527 | D:5      | Reached skill level 7 in Earth Magic
  5757 | D:5      | Found a sparkling altar of Nemelex Xobeh.
  5890 | D:5      | Noticed Menkaure
  6120 | D:5      | Gained mutation: You are weak. (Str -2) [potion of
                  | mutation]
  6120 | D:5      | Gained mutation: Your mind is acute. (Int +2) [potion of
                  | mutation]
  6123 | D:5      | Found a broken altar of Ashenzari.
  6158 | D:5      | Killed Menkaure
  6330 | D:5      | Noticed Ijyb
  6333 | D:5      | Killed Ijyb
  6421 | D:5      | Found an iron altar of Okawaru.
  6421 | D:5      | Found a shimmering altar of Xom.
  6605 | D:5      | Found a runed translucent door.
  6606 | D:5      | Noticed Crazy Yiuf
  6865 | D:6      | Reached skill level 5 in Spellcasting
  6948 | D:6      | Reached XP level 9. HP: 39/39 MP: 4/17
  7181 | D:5      | Found a glowing golden altar of the Shining One.
  7181 | D:5      | Found a radiant altar of Vehumet.
  7194 | D:5      | Lost mutation: Your mind is acute. (Int +2) [potion of
                  | mutation]
  7194 | D:5      | Lost mutation: You are weak. (Str -2) [potion of mutation]
  7194 | D:5      | Gained mutation: You occasionally shout uncontrollably at
                  | your foes. [potion of mutation]
  7194 | D:5      | Gained mutation: You have a pair of small antennae on your
                  | head. [potion of mutation]
  7200 | D:5      | Became a worshipper of Vehumet
  7566 | D:6      | Found Zakett's Firing Range.
  7935 | D:7      | Noticed a deep elf pyromancer
  7940 | D:7      | Killed a deep elf pyromancer
  7941 | D:7      | Reached skill level 8 in Earth Magic
  8500 | D:7      | Found a staircase to the Ecumenical Temple.
  8993 | D:8      | Reached skill level 5 in Fighting
  9191 | D:8      | Reached skill level 5 in Conjurations
  9198 | D:8      | Reached XP level 10. HP: 42/44 MP: 2/21
  9250 | D:8      | Identified 2 scrolls of acquirement
  9250 | D:8      | Acquired a +6 ring of intelligence
  9336 | D:8      | Reached * piety under Vehumet
  9336 | D:8      | Offered knowledge of Freeze by Vehumet.
  9343 | D:8      | Noticed a two-headed ogre
  9361 | D:8      | Killed a two-headed ogre
  9362 | D:8      | Reached skill level 5 in Dodging
  9774 | D:8      | Reached skill level 9 in Earth Magic
 10314 | D:9      | Found Fuxoena's Distillery.
 10435 | D:9      | Found a staircase to the Orcish Mines.
 10654 | D:9      | Found Quicutheu's Weapon Boutique.
 10680 | D:9      | Found Loakadeg's Assorted Antiques.
 10880 | D:9      | Found Cerchugof's Weapon Shop.
 10890 | D:9      | Found Juboq's Magic Scroll Shoppe.
 10943 | D:9      | Reached ** piety under Vehumet
 10943 | D:9      | Offered knowledge of Searing Ray by Vehumet.
 11214 | D:9      | Learned a level 4 spell: Hailstorm
 11231 | D:9      | Noticed a seven-headed hydra
 11246 | D:9      | Killed a seven-headed hydra
 11247 | D:9      | Reached XP level 11. HP: 35/49 MP: 11/24
 11343 | D:9      | Noticed a brown ugly thing
 11350 | D:9      | Killed a brown ugly thing
 11394 | D:9      | Noticed a two-headed ogre
 11421 | D:9      | Killed a two-headed ogre
 11422 | D:9      | Reached skill level 1 in Ice Magic
 11522 | D:9      | Found an ancient bone altar of Kikubaaqudgha.
 11868 | D:9      | Noticed a purple ugly thing
 11872 | D:9      | Noticed a four-headed hydra
 11886 | D:9      | Killed a purple ugly thing
 11900 | D:9      | Noticed a boulder beetle
 11971 | D:10     | Entered Level 10 of the Dungeon
 11979 | D:10     | Reached skill level 10 in Earth Magic
 12688 | D:10     | Found Ulawapev's Jewellery Shoppe.
 12697 | D:10     | Acquired 630 gold pieces
 12699 | D:10     | Bought the amulet of Vitality {Regen+ HP+15} for 1106 gold
                  | pieces
 12699 | D:10     | Found the amulet of Vitality {Regen+ HP+15}
 12962 | D:10     | Found a staircase to the Lair.
 13011 | D:10     | You fall into a shaft and drop 3 floors!
 13014 | D:13     | Noticed a catoblepas
 13017 | D:13     | Noticed a green ugly thing
 13054 | D:13     | Slain by a catoblepas
 13055 | D:13     | Reached XP level 10. HP: -1/91 MP: 23/23
 13055 | D:13     | Noticed a deep elf pyromancer
 13058 | D:13     | Noticed a boulder beetle
 13059 | D:13     | Noticed a boulder beetle
 13059 | D:13     | Noticed a five-headed hydra
 13061 | D:13     | Offered knowledge of Dazzling Flash by Vehumet.
 13065 | D:13     | Noticed a death knight
 13091 | D:13     | Noticed a manticore
 13099 | D:13     | Demolished by a death knight
 13100 | D:13     | Reached XP level 9. HP: -20/57 MP: 2/22
 13107 | D:13     | Noticed a kobold demonologist
 13107 | D:13     | Noticed a two-headed ogre
 13136 | D:14     | Noticed a skeletal warrior
 13137 | D:14     | Noticed a skeletal warrior
 13138 | D:14     | Noticed a skeletal warrior
 13155 | D:14     | Noticed a centaur warrior
 13158 | D:14     | Shot with an arrow by a centaur warrior

Illustrated notes

Levels and vault maps discovered:
D:1:      dpeg_arrival_arbitrary_b, layout_loops_corners
D:2:      layout_basic, minmay_door_square, uniq_natasha, uniq_sigmund
D:3:      minmay_octagon_keep, layout_basic, serial_shops,
          nicolae_shop_statue_plus
D:4:      layout_basic
D:5:      layout_rooms, nicolae_overflow_hidden_temple,
          gammafunk_temple_overflow_wave, uniq_eustachio, uniq_ijyb,
          uniq_crazy_yiuf_cottage, uniq_menkaure
D:6:      layout_cave_pools, nicolae_shop_firing_range
D:7:      layout_basic, lemuel_temple_firewalk_b
D:8:      minmay_clustersquares, layout_rooms
D:9:      minmay_sliced_demisemicircle, layout_basic,
          lemuel_mausoleum_altar_kikubaaqudgha, orc_david_3, serial_shops,
          nicolae_square_shop, nicolae_square_shop, shop,
          nicolae_shop_waterfront, nicolae_stop_n_shop_1, solitary_fountain
D:10:     minmay_bubble_buster, layout_rooms, lair_entry_dummy, serial_shops,
          nicolae_shop_statue_plus, lemuel_flame_loot_1
D:13:     nzn_winding_woodlands_stair_trap [nzn_winding_woodlands_5x15_garden,
          nzn_winding_woodlands_5x15_parted, nzn_winding_woodlands_5x15_cabin,
          nzn_winding_woodlands_15x15_killbox,
          nzn_winding_woodlands_5x15_sawtooth,
          nzn_winding_woodlands_5x15_river_crossing,
          nzn_winding_woodlands_5x15_pool], layout_basic, ebering_ghost_gozag,
          kennysheep_another_room, uniq_erolcha
D:14:     layout_irregular_city, david_vaults_5, serial_shops,
          nicolae_shop_crystal, hex_tiny, ebering_ghost_funeral_grove,
          minmay_misc_feat_encased, minmay_the_grid_2x2
          [minmay_the_grid_tiny_cups, minmay_the_grid_expand,
          minmay_the_grid_minigrid_small_alt,
          minmay_the_grid_prize_inner_circle]

Skill      XL: |  1  2  3  4  5  6  7  8  9 10 11 |
---------------+----------------------------------+-----
Earth Magic    | 3 4 5 6 7 8 9 10 | 10.5
Dodging        | 3 4 5 6 |  6.2
Unarmed Combat | 1 2 3 4 |  4.0
Conjurations   | 1 2 3 4 5 6 7 |  7.7
Spellcasting   | 3 5 6 8 |  8.1
Fighting       | 1 3 5 6 |  6.9
Ice Magic      | 1 |  1.0
Stealth        | |  2.7
Transmutations | |  1.1

Action                   |  1- 3 |  4- 6 |  7- 9 | 10-12 || total
-------------------------+-------+-------+-------+-------++-------
Melee: Unarmed           |    25 |    10 |    40 |    63 ||   138
       Bite              |     4 |     1 |     3 |    15 ||    23
       Punch             |     1 |       |     1 |     4 ||     6
 Cast: Sandblast         |    37 |    39 |    41 |    36 ||   153
       Stone Arrow       |     3 |    31 |    94 |   142 ||   270
       Hailstorm         |       |       |       |     2 ||     2
  Use: Scroll            |       |     2 |    10 |     6 ||    18
       Potion            |       |       |     3 |     5 ||     8
 Stab: Sleeping          |     4 |     2 |       |     3 ||     9
Armor: Skin              |     2 |     2 |    14 |    13 ||    31
Dodge: Dodged            |    21 |    28 |    85 |   115 ||   249
